 Dungeon Crawl Stone Soup version 0.20.1-1-g8b1a95d (webtiles) character file.

572 poxvuibr the Magician (level 7, -1/36 HPs)
             Began as a Deep Elf Wizard on Oct 15, 2017.
             Killed by nerve-wracking pain
             ... invoked by a shadow imp
              (12 damage)
             ... on level 5 of the Dungeon.
             The game lasted 00:36:49 (7583 turns).

poxvuibr the Magician (Deep Elf Wizard)             Turns: 7583, Time: 00:36:50

Health: -1/36      AC:  2    Str:  4    XL:     7   Next: 12%
Magic:  14/19      EV: 13    Int: 25    God:
Gold:   342        SH:  0    Dex: 13    Spells: 8/19 levels left

rFire    . . .     SeeInvis .   f - +0 dagger
rCold    + . .     Gourm    .   (no shield)
rNeg     . . .     Faith    .   a - +0 robe
rPois    +         Spirit   .   b - +0 hat
rElec    .         Reflect  .   (no cloak)
rCorr    .         Harm     .   (no gloves)
MR       .....                  (no boots)
Stlth    ++........             (no amulet)
Regen    0.2/turn               s - ring of poison resistance
MPRegen  0.2/turn               q - ring of protection from cold

@: no status effects
A: no striking features
a: no special abilities


You were on level 5 of the Dungeon.
You were not hungry.

You visited 1 branch of the dungeon, and saw 5 of its levels.
You also visited: Ossuary.

You collected 342 gold pieces.

Inventory:

Hand Weapons
 f - a +0 dagger (weapon)
Armour
 a - a +0 robe (worn)
 b - a +0 hat (worn)
Jewellery
 l - a +4 ring of dexterity
 q - a ring of protection from cold (right hand)
 s - a ring of poison resistance (left hand)
 w - an uncursed amulet of faith
 y - an uncursed ring of protection from cold
Scrolls
 g - 3 scrolls of identify {unknown}
 j - 3 scrolls of remove curse
 n - a scroll of magic mapping
 o - 2 scrolls of amnesia {unknown}
 t - a scroll of enchant weapon {unknown}
 x - a scroll of teleportation {unknown}
 z - a scroll of silence {unknown}
Potions
 e - 2 potions of flight {unknown}
 h - 4 potions of haste {unknown}
 i - a potion of brilliance {unknown}
 k - a potion of berserk rage
 m - 2 potions of heal wounds {unknown}
 p - 5 potions of curing {unknown}
 u - 3 potions of magic {unknown}
 v - a potion of cancellation {unknown}
Books
 c - a book of Minor Magic

   Spells                             Type                      Level
   a - Magic Dart                     Conjuration                  1
   b - Blink                          Translocation                2
   c - Call Imp                       Summoning                    2
   d - Slow                           Hexes                        2
   e - Conjure Flame                  Conjuration/Fire             3
   f - Mephitic Cloud                 Conjuration/Poison/Air       3
Comestibles
 d - 4 bread rations


   Skills:
 - Level 2.4 Dodging
 - Level 2.4 Stealth
 + Level 6.7 Spellcasting
 + Level 4.5 Conjurations
 - Level 1.1 Summonings
 + Level 1.1 Translocations
 + Level 5.0 Fire Magic
 + Level 1.0 Air Magic


You had 8 spell levels left.
You knew the following spells:

 Your Spells              Type           Power        Failure   Level  Hunger
a - Conjure Flame         Conj/Fire      ####....     2%          3    None
b - Mephitic Cloud        Conj/Pois/Air  ###.....     10%         3    None
c - Call Imp              Summ           ##......     7%          2    None
d - Blink                 Tloc           N/A          7%          2    None
z - Magic Dart            Conj           ####         1%          1    None


Dungeon Overview and Level Annotations

Branches:
Dungeon (5/15)
 Temple: D:4-7

Altars:
Ashenzari
Zin

Annotations:
D:4 Blork the orc, Dowan, Duvessa, Menkaure


Message History

A beastly little devil appears in a puff of flame.
The shadow imp misses you.
The shadow imp closely misses your crimson imp.
Your crimson imp blinks!
Your crimson imp barely misses the shadow imp.
The shadow imp barely misses your crimson imp.
The shadow imp hits your crimson imp.
Your crimson imp hits the shadow imp.
You swap places.
The shadow imp hits you.
Your crimson imp blinks!
There is a stone staircase leading up here.
Casting: Call Imp
Confirm with . or Enter, or press ? or * to list all spells.
A beastly little devil appears in a puff of flame.
The orc priest mumbles some strange prayers to Beogh against you.
Beogh smites you! The shadow imp gestures at you.
Pain shoots through your body! The shadow imp gestures at you.
Pain shoots through your body!
You die...

#.... .... #
.... . #..# .#
# #..##.##..
#........#
#......#.#
#5........
#@5....#.#
#....5.5.......
######.........
#.o.......
##...#####
#...#####
#..%#...#
..##.<.# #..).#


You could see an orc priest, a shadow imp and 3 friendly crimson imps.

Vanquished Creatures
  3 elf zombies (Ossuary)
  A centaur zombie (Ossuary)
  3 human zombies (Ossuary)
  A big kobold zombie (Ossuary)
  A hound zombie (Ossuary)
  3 mummies (Ossuary)
  2 adders
  3 adder zombies (Ossuary)
  3 worms
  A dart slug (D:3)
  6 leopard geckos
  3 giant cockroaches
  8 goblins
  10 hobgoblins
  3 jackals
  A quokka (D:2)
  A ball python (D:2)
  11 bats
  6 frilled lizards
  3 gnoll zombies (Ossuary)
  4 goblin zombies (Ossuary)
  2 hobgoblin zombies (Ossuary)
  A jackal zombie (Ossuary)
  7 kobolds
  4 kobold zombies (Ossuary)
  An orc zombie (Ossuary)
  6 quokka zombies (Ossuary)
  6 rats
  4 rat zombies (Ossuary)
108 creatures vanquished.

Vanquished Creatures (collateral kills)
  An orc wizard (D:3)
  2 adders (D:3)
  10 orcs
  A jackal (D:4)
14 creatures vanquished.

Grand Total: 122 creatures vanquished

Notes
Turn   | Place    | Note
-------+----------+-------------------------------------------
     0 | D:1      | poxvuibr the Deep Elf Wizard began the quest for the Orb.
     0 | D:1      | Reached XP level 1. HP: 10/10 MP: 7/7
   228 | D:1      | Reached XP level 2. HP: 15/15 MP: 7/9
  1362 | D:1      | Reached XP level 3. HP: 19/19 MP: 8/11
  1477 | D:1      | Learned a level 3 spell: Conjure Flame
  1481 | D:1      | Learned a level 3 spell: Mephitic Cloud
  1551 | D:2      | Found a shattered altar of Ashenzari.
  1606 | D:2      | Reached skill level 5 in Spellcasting
  2073 | D:2      | Reached skill level 1 in Fire Magic
  2433 | D:2      | Found a shattered altar of Ashenzari.
  3053 | D:2      | Found a shattered altar of Ashenzari.
  3711 | D:3      | Reached XP level 4. HP: 24/24 MP: 11/13
  3715 | D:3      | Learned a level 2 spell: Call Imp
  4305 | D:3      | Learned a level 2 spell: Blink
  4456 | D:3      | Found a glowing silver altar of Zin.
  4879 | D:3      | Found a glowing silver altar of Zin.
  5385 | D:4      | Noticed Menkaure
  5488 | D:4      | Noticed Duvessa
  5488 | D:4      | Noticed Dowan
  5496 | D:4      | Found a sand-covered staircase.
  5503 | Ossuary  | Entered an ossuary
  5555 | Ossuary  | Reached XP level 5. HP: 28/28 MP: 11/15
  5711 | Ossuary  | Reached skill level 6 in Spellcasting
  5842 | Ossuary  | Reached XP level 6. HP: 28/32 MP: 7/17
  6282 | Ossuary  | Reached skill level 5 in Fire Magic
  6469 | Ossuary  | Reached XP level 7. HP: 36/36 MP: 12/19
  6879 | D:4      | Noticed Blork the orc
  6900 | D:5      | Entered Level 5 of the Dungeon
  6922 | D:4      | Reached skill level 1 in Air Magic
  7583 | D:5      | Killed from afar by a shadow imp

Skill      XL: |  1  2  3  4  5  6  7 |
---------------+----------------------+-----
Conjurations   | 2 3 4 |  4.5
Spellcasting   | 5 6 |  6.7
Fire Magic     | 1 2 4 5 |  5.0
Air Magic      | 1 |  1.0
Dodging        | |  2.4
Stealth        | |  2.4
Summonings     | |  1.1
Translocations | |  1.1

Action                   |  1- 3 |  4- 6 |  7- 9 || total
-------------------------+-------+-------+-------++-------
Melee: Dagger            |     3 |    20 |     2 ||    25
 Cast: Magic Dart        |   120 |    57 |    14 ||   191
       Conjure Flame     |     1 |    26 |     3 ||    30
       Call Imp          |       |     8 |    12 ||    20
       Blink             |       |       |     2 ||     2
  Use: Scroll            |       |     2 |       ||     2
 Stab: Distracted        |       |       |     1 ||     1
  Eat: Chunk             |     4 |     3 |       ||     7
       Fruit             |     2 |       |       ||     2
       Bread ration      |     1 |       |       ||     1
       Royal jelly       |       |     1 |       ||     1
       Meat ration       |       |       |     1 ||     1
Armor: Robe              |     1 |     3 |     1 ||     5
Dodge: Dodged            |    10 |    21 |    11 ||    42
